 Dungeon Crawl Stone Soup version 0.31.0-11-ge490571c62 (webtiles) character file.

Game seed: 4804881546771184275

34 qw the Shooter (level 3, 0/18 HPs)
             Began as a Spriggan Hunter on Feb 4, 2024.
             Slain by a gnoll
             ... wielding a +0 spear
              (3 damage)
             ... on level 3 of the Dungeon.
             The game lasted 00:00:05 (1863 turns).

qw the Shooter (Spriggan Hunter)                    Turns: 1863, Time: 00:00:05

Health: 0/18       AC:  3    Str:  7    XL:     3   Next: 14%
Magic:  4/4        EV: 19    Int: 10    God:
Gold:   100        SH:  4    Dex: 20    Spells: 2/2 levels left

rFire   . . .        a - +0 shortbow
rCold   + . .        (shield currently unavailable)
rNeg    . . .        c - +0 robe
rPois   .            (helmet restricted)
rElec   .            (no cloak)
rCorr   .            (gloves unavailable)
SInv    +            (boots unavailable)
Will    .....        f - amulet of faith
Stlth   ++           k - ring of protection from cold
HPRegen 0.23/turn    (no ring)
MPRegen 0.09/turn

%: faith
@: very quick
A: very small, no large weapons, unfitting armour, see invisible, speed 3, large
bone plates 1, shaggy fur 1, wild magic 1
a: no special abilities


You were on level 3 of the Dungeon.
You visited 1 branch of the dungeon, and saw 3 of its levels.

You collected 100 gold pieces.


Innate Abilities, Weirdness & Mutations

You are very small and have problems with some larger weapons.
You are too small for most types of armour.
You have supernaturally acute eyesight. (SInv)
You cover ground extremely quickly. (Speed+++)
You are partially covered in large bone plates. (SH +4)
You are covered in fur. (AC +1)
Your spells are a little harder to cast, but a little more powerful.


   Skills:
 - Level 1.5 Fighting
 + Level 4.5 Ranged Weapons
 - Level 4.0 Dodging
 - Level 1.5 Stealth


You had 2 spell levels left.
You didn't know any spells.
Your spell library was empty.

Inventory:

Hand Weapons
 a - a +0 shortbow (weapon)
Armour
 c - a +0 robe (worn)
Jewellery
 f - an amulet of faith (around neck)
 k - a ring of protection from cold (left hand)
Potions
 b - a potion of resistance {unknown}
 d - 2 potions of curing
 e - a potion of might {unknown}
 g - 2 potions of haste
 i - a potion of enlightenment
 j - a potion of berserk rage {unknown}
 l - a potion of mutation
 m - a potion of magic {unknown}

Dungeon Overview and Level Annotations

Branches:
Dungeon (3/15)

Altars:


Message History

The gnoll hits you with a +0 flail.
You shoot an arrow. The arrow closely misses the gnoll.
The jackal closely misses you. The gnoll hits you with a +0 flail.
You block the jackal's attack.
You shoot an arrow. The arrow hits the gnoll.
You kill the gnoll!
The jackal bites you.
You have reached level 3!
Your experience leads to an increase in your attributes!
Increase (S)trength, (I)ntelligence, or (D)exterity?
You feel agile. x2
You shoot an arrow. The arrow hits the jackal.
The jackal is heavily wounded.
The jackal bites you. The jackal completely misses you.
You shoot an arrow. The arrow hits the jackal!
You kill the jackal!
You start resting.
HP restored.
You climb downwards.
There is a stone staircase leading up here.
You shoot an arrow. The gnoll shouts!
The arrow hits the gnoll.
The gnoll is heavily wounded.
The gnoll misses you. The gnoll barely misses you.
You shoot an arrow. The arrow barely misses the gnoll.
The gnoll misses you.
The gnoll hits you from afar with a +0 spear.
The gnoll closely misses you.
You shoot an arrow.
The arrow hits the gnoll but does no damage.
The gnoll is heavily wounded.
The gnoll closely misses you.
The gnoll hits you from afar with a +0 halberd!
Ouch! That really hurt!
You block the gnoll's attack.
1863 ||| STAIRDANCE You block the gnoll's attack.
The gnoll hits you from afar with a +0 spear.
You die...

.. #. ##
#. ..
#.#.## #
#....
...###g..
........##
....!g.@<#
##..###..#
.g.# ###.#
.r ... ..#
.##


You could see 3 gnolls and a quokka (wandering).

Vanquished Creatures
  A gnoll (D:2)
  3 ball pythons
  4 endoplasms
  A hobgoblin (D:2)
  2 jackals (D:2)
  2 kobolds
  4 bats
  2 goblins (D:2)
  3 rats
22 creatures vanquished.

Notes
Turn   | Place    | Note
-------+----------+-------------------------------------------
     0 | D:1      | qw the Spriggan Hunter began the quest for the Orb.
     0 | D:1      | Reached XP level 1. HP: 10/10 MP: 2/2
     0 | D:1      | 0 ||| qw: Version: 0.3-a-160-g6735b56
     0 | D:1      | 0 ||| qw: Game counter: 5452
     0 | D:1      | 0 ||| qw: Melee chars always use a shield: true
     0 | D:1      | 0 ||| qw: God list: Okawaru
     0 | D:1      | 0 ||| qw: Allow faded altars: false
     0 | D:1      | 0 ||| qw: Do Orc after clearing Dungeon:15 true
     0 | D:1      | 0 ||| qw: Do second Lair branch before Depths: true
     0 | D:1      | 0 ||| qw: Lair rune preference: random
     0 | D:1      | 0 ||| qw: Goals: Normal
     0 | D:1      | 0 ||| PLANNING D:1-11
    65 | D:1      | Found a faded altar of an unknown god.
   107 | D:1      | Reached skill level 3 in Dodging
   796 | D:1      | 796 ||| UPGRADING to amulet of faith.
   801 | D:1      | 801 ||| UPGRADING to ring of protection from cold.
   802 | D:1      | 802 ||| READING 3 scrolls labelled QEULEGHAGI.
   802 | D:1      | 802 ||| IDENTIFYING murky green potion
   803 | D:1      | 803 ||| READING 2 scrolls of identify.
   803 | D:1      | 803 ||| IDENTIFYING golden potion
   804 | D:1      | 804 ||| READING scroll of identify.
   804 | D:1      | 804 ||| IDENTIFYING black potion
   805 | D:1      | 805 ||| READING scroll labelled UBUXUG BECWUATH.
   806 | D:1      | 806 ||| READING scroll labelled COITIUZXOA.
   907 | D:1      | 907 ||| DRINKING 2 emerald potions.
   907 | D:1      | Gained mutation: You are covered in fur. (AC +1) [potion of
                  | mutation]
   907 | D:1      | Gained mutation: Your spells are a little harder to cast,
                  | but a little more powerful. [potion of mutation]
   907 | D:1      | Gained mutation: You are partially covered in large bone
                  | plates. (SH +4) [potion of mutation]
   908 | D:1      | 908 ||| DROPPING scroll of butterflies.
   909 | D:1      | 909 ||| DROPPING potion of attraction.
   947 | D:2      | Reached XP level 2. HP: 14/14 MP: 3/3
  1680 | D:2      | 1680 ||| READING scroll labelled BIOXTUSYOSM.
  1681 | D:2      | 1681 ||| DRINKING 3 fizzy ruby potions.
  1761 | D:3      | 1761 ||| STAIRDANCE
  1789 | D:3      | 1789 ||| STAIRDANCE
  1796 | D:2      | HP: 3/14 [jackal (1)]
  1797 | D:2      | Reached XP level 3. HP: 4/18 MP: 4/4
  1862 | D:3      | HP: 3/18 [gnoll/+0 halberd (14)]
  1863 | D:3      | 1863 ||| STAIRDANCE
  1863 | D:3      | Slain by a gnoll

Levels and vault maps discovered:
D:1:      tekkud_arrival_beachfront_property, layout_loops_corners,
          shapermc_ecumenical_altar_venn
D:2:      layout_basic
D:3:      layout_loops_ring, nicolae_overflow_crystal_walls

Skill      XL: |  1  2 |
---------------+-------+-----
Dodging        | 3 4 |  4.0
Fighting       | |  1.5
Ranged Weapons | |  4.5
Stealth        | |  1.5

Action                     || total
---------------------------++-------
   Fire: Shortbow          ||    64
    Use: Scroll            ||     6
         Potion            ||     2
 Armour: Robe              ||    16
  Dodge: Dodged            ||    33
  Block: Other             ||     8

Table legend:
 A = Non-vault XP
 B = Vault XP
 C = Vault XP percentage of total XP
 D = Non-vault monster count
 E = Vault monster count
 F = Vault count percentage of total count
                 A         B        C        D         E       F
            +---------+---------+-------+---------+---------+-------
      Total |      49 |       0 |   0.0 |      22 |       0 |   0.0
            +---------+---------+-------+---------+---------+-------
        D:1 |       8 |       0 |   0.0 |       5 |       0 |   0.0
        D:2 |      41 |       0 |   0.0 |      17 |       0 |   0.0
            +---------+---------+-------+---------+---------+-------
